 Dungeon Crawl Stone Soup version 0.30-a0-737-gf23d94013f (webtiles) character file.

Game seed: 5113938652437033262

2968 kae the Geomancer (level 9, -2/45 HPs)
             Began as a Gargoyle Earth Elementalist on Feb 2, 2023.
             Was a Believer of Vehumet.
             Engulfed by a steam dragon's steam (5 damage)
             ... on level 7 of the Dungeon.
             The game lasted 00:06:04 (6996 turns).

kae the Geomancer (Gargoyle Earth Elementalist)     Turns: 6996, Time: 00:06:04

Health: -2/45      AC:  8    Str: 12    XL:     9   Next: 82%
Magic:  8/20       EV: 12    Int: 20    God:    Vehumet [**....]
Gold:   413        SH:  0    Dex: 16    Spells: 12/22 levels left

rFire   . . .      SeeInvis .    (no weapon)
rCold   . . .      Faith    .    (no shield)
rNeg    + . .      Spirit   .    a - +0 robe
rPois   ∞          Reflect  .    (no helmet)
rElec   +          Harm     .    (no cloak)
rCorr   .          Rampage  .    (no gloves)
Will    .....                    (no boots)
Stlth   ++                       (no amulet)
HPRegen 0.27/turn                D - +6 ring of dexterity
MPRegen 0.17/turn                (no ring)

@: no status effects
A: sickness immunity, AC +6, negative energy resistance 1, electricity
resistance, torment resistance 1, petrification resistance
a: Renounce Religion


You were on level 7 of the Dungeon.
You worshipped Vehumet.
Vehumet was pleased with you.
You visited 1 branch of the dungeon, and saw 7 of its levels.

You collected 413 gold pieces.


Innate Abilities, Weirdness & Mutations

You are immune to sickness and miasma.
Your stone body is resilient. (AC +6)
You are immune to poison.
You resist negative energy. (rN+)
You are resistant to electric shocks. (rElec)
You are resistant to unholy torment.
You are immune to petrification.


   Skills:
 - Level 1.5 Dodging
 - Level 2.1 Stealth
 * Level 7.3 Spellcasting
 * Level 7.9 Conjurations
 - Level 0.7 Transmutations
 * Level 10.2 Earth Magic


You had 12 spell levels left.
You knew the following spells:

 Your Spells              Type           Power      Damage    Failure   Level
a - Sandblast             Erth           96%        2d20      1%          1
b - Stone Arrow           Conj/Erth      86%        3d12      1%          3
c - Passwall              Tmut/Erth      24%        N/A       1%          2
d - Petrify               Tmut/Erth      29%        N/A       10%         4

Your spell library contained the following spells:

 Spells                   Type           Power      Damage    Failure   Level
 Freeze                   Ice            28%        1d5       9%          1
 Static Discharge         Conj/Air       46%        2-4/arc   2%          2
 Summon Small Mammal      Summ           28%        N/A       9%          1
 Ignite Poison            Fire/Tmut/Pois 8%         N/A       24%         3
 Call Canine Familiar     Summ           7%         N/A       26%         3
 Inner Flame              Hex/Fire       7%         N/A       26%         3
 Kindle Blastsparks       Fire/Tloc/Air  14%        2d11      26%         3
 Summon Guardian Golem    Hex/Summ       7%         N/A       26%         3
 Vhi's Electric Charge    Tloc/Air       14%        N/A       26%         3
 Arcjolt                  Conj/Air       11%        1d21      45%         5
 Lightning Bolt           Conj/Air       11%        1d24      45%         5
 Freezing Cloud           Conj/Ice/Air   9%         6-21      63%         5
 Cause Fear               Hex            3%         N/A       65%         4
 Dispel Undead            Necr           7%         3d8       65%         4
 Passage of Golubria      Tloc           7%         N/A       65%         4
 Silence                  Hex/Air        3%         N/A       94%         5
 Death Channel            Necr           3%         N/A       100%        6
 Borgnjor's Revivificati  Necr           3%         N/A       100%        8
 Discord                  Hex            3%         N/A       100%        8
 Lehudib's Crystal Spear  Conj/Erth      21%        10d6      100%        8
 Necromutation            Tmut/Necr      4%         N/A       100%        8
 Death's Door             Necr           3%         N/A       100%        9
 Cigotuvi's Dreadful Rot  Necr/Pois/Air  Unusable   N/A       N/A         2

Inventory:

Missiles
 e - 35 stones
 s - 8 poisoned darts
 u - 2 atropa-tipped darts
Armour
 a - a +0 robe (worn)
Jewellery
 D - a +6 ring of dexterity (left hand)
   (You found it on level 3 of the Dungeon)
Wands
 p - a wand of roots (14)
   (You took it off Terence on level 3 of the Dungeon)
 x - a wand of light (8)
   (You found it on level 5 of the Dungeon)
Scrolls
 c - a scroll of immolation {!r!r}
 f - 2 scrolls of poison
 m - a scroll of fear
 n - a scroll of amnesia
 o - a scroll of magic mapping {unknown}
 t - 2 scrolls of blinking {!r}
 y - a scroll of fog {unknown}
Potions
 b - 2 potions of magic
 d - a potion of attraction {!q}
 g - a potion of lignification {!q}
 h - a potion of brilliance
 i - 3 potions of curing {@q1}
 j - 2 potions of mutation {!q}
 k - a potion of resistance
 l - 3 potions of degeneration {!q}
 q - 2 potions of ambrosia
 r - 2 potions of might
 v - a potion of heal wounds {unknown}
 w - 2 potions of flight {unknown}
 z - a potion of invisibility

Dungeon Overview and Level Annotations

Branches:
Dungeon (7/15) Zot: 26154  Temple (0/1) D:5

Altars:
Makhleb
Ru
Trog
Vehumet

Shops:
D:6 *

Annotations:
D:2 1 runed translucent door, Crazy Yiuf

.. ...##..#...# #.
....o..F.... .# ..#......##
.##...... .#.......## .
........ .$ #.§.§.D...#.
##.#...# ...# #.§§§§§..)....
##.....# .....#..§§..§.#....
.......##......§@§.§...#......
...............§.............#
.............§#....§..........
#.............#...#.....#.....
................###........#..
.............................#
.............................#
.............................#
..............................


You could see a bullfrog.


Message History

You can't see any susceptible monsters within range! (Use Z to cast anyway.)
Casting: Stone Arrow (safe; 1% risk of failure)
Confirm with . or Enter, or press ? or * to list all spells.
Aiming: Sandblast (safe; 1% risk of failure)
Press: ? - help, Shift-Dir - straight line, f - orc
Aim: an orc, wielding a +0 mace (wandering, hasn't noticed you, 85% to hit)
The blast of sand hits the orc!
You kill the orc!
Vehumet accepts your kill.
The steam dragon hisses angrily. 😎 MP[-1]
You lost 1 mp, and now have 19/20 mp.
Casting: Sandblast (safe; 1% risk of failure)
Confirm with . or Enter, or press ? or * to list all spells.
You can't see any susceptible monsters within range! (Use Z to cast anyway.)
Casting: Sandblast (safe; 1% risk of failure)
Confirm with . or Enter, or press ? or * to list all spells.
You can't see any susceptible monsters within range! (Use Z to cast anyway.)
Casting: Sandblast (safe; 1% risk of failure)
Confirm with . or Enter, or press ? or * to list all spells.
You can't see any susceptible monsters within range! (Use Z to cast anyway.)
Casting: Sandblast (safe; 1% risk of failure)
Confirm with . or Enter, or press ? or * to list all spells.
You can't see any susceptible monsters within range! (Use Z to cast anyway.)
Casting: Sandblast (safe; 1% risk of failure)
Confirm with . or Enter, or press ? or * to list all spells.
You can't see any susceptible monsters within range! (Use Z to cast anyway.)
The steam dragon breathes steam at you. The ball of steam hits you!
You hear a croak. 😮 HP[-13]
You take 13 damage, and now have 32/45 hp.
MASSIVE DAMAGE!! (PAUSE)
Casting: Sandblast (safe; 1% risk of failure)
Confirm with . or Enter, or press ? or * to list all spells.
Aiming: Stone Arrow (safe; 1% risk of failure)
Press: ? - help, Shift-Dir - straight line, f - steam dragon
Aim: a steam dragon (steam, 76% to hit)
The stone arrow hits the steam dragon!
The steam dragon breathes steam at you. The ball of steam hits you!
* * * LOW HITPOINT WARNING * * *
You hear a shout! x2 😨 HP[-10] MP[-3]
You take 10 damage, and now have 22/45 hp.
MASSIVE DAMAGE!! (PAUSE)
You lost 3 mp, and now have 16/20 mp. 😨 MP[+1]
Casting: Stone Arrow (safe; 1% risk of failure)
Confirm with . or Enter, or press ? or * to list all spells.
You can't see any susceptible monsters within range! (Use Z to cast anyway.)
Casting: Stone Arrow (safe; 1% risk of failure)
Confirm with . or Enter, or press ? or * to list all spells.
You can't see any susceptible monsters within range! (Use Z to cast anyway.)
Casting: Stone Arrow (safe; 1% risk of failure)
Confirm with . or Enter, or press ? or * to list all spells.
You can't see any susceptible monsters within range! (Use Z to cast anyway.)
A bullfrog comes into view.
The steam dragon breathes steam at you. The ball of steam hits you!
* * * LOW HITPOINT WARNING * * *
The bullfrog moves out of view. 😨 HP[-10]
You take 10 damage, and now have 12/45 hp.
MASSIVE DAMAGE!! (PAUSE)
Casting: Stone Arrow (safe; 1% risk of failure)
Confirm with . or Enter, or press ? or * to list all spells.
Aiming: Stone Arrow (safe; 1% risk of failure)
Press: ? - help, Shift-Dir - straight line, f/p - steam dragon
Aim: a steam dragon (steam, heavily wounded, 76% to hit)
The stone arrow hits the steam dragon!
An orc comes into view. It is wielding a +0 short sword.
The steam dragon breathes steam at you. The ball of steam hits you.
* * * LOW HITPOINT WARNING * * *
😱 HP[-4] MP[-3]
You take 4 damage, and now have 8/45 hp.
You lost 3 mp, and now have 14/20 mp.
Casting: Stone Arrow (safe; 1% risk of failure)
Confirm with . or Enter, or press ? or * to list all spells.
Aiming: Stone Arrow (safe; 1% risk of failure)
Press: ? - help, Shift-Dir - straight line, f - bullfrog
Aim: a bullfrog (70% to hit)
The stone arrow hits the bullfrog!
You are engulfed in a cloud of scalding steam.
* * * LOW HITPOINT WARNING * * *
A bullfrog comes into view. 😱 HP[-5] MP[-3]
You take 5 damage, and now have 3/45 hp.
You lost 3 mp, and now have 11/20 mp.
Casting: Stone Arrow (safe; 1% risk of failure)
Confirm with . or Enter, or press ? or * to list all spells.
Aiming: Stone Arrow (safe; 1% risk of failure)
Press: ? - help, Shift-Dir - straight line, f/p - bullfrog
Aim: a bullfrog (steam, severely wounded, 70% to hit)
The stone arrow hits the bullfrog!
You kill the bullfrog!
Vehumet accepts your kill.
You are engulfed in a cloud of scalding steam.
You die...

Skill      XL: |  1  2  3  4  5  6  7  8  9 |
---------------+----------------------------+-----
Earth Magic    | 4 5 6 7 8 10 | 10.2
Conjurations   | 2 3 4 6 7 |  7.9
Spellcasting   | 3 4 5 6 7 |  7.3
Dodging        | |  1.5
Stealth        | |  2.1
Transmutations | |  0.7

Action                     |  1- 3 |  4- 6 |  7- 9 || total
---------------------------+-------+-------+-------++-------
  Melee: Unarmed           |       |     2 |    24 ||    26
         Punch             |       |       |     1 ||     1
   Cast: Sandblast         |    39 |    61 |   110 ||   210
         Stone Arrow       |       |       |    51 ||    51
    Use: Scroll            |     4 |     8 |     6 ||    18
 Armour: Robe              |     1 |     6 |    43 ||    50
  Dodge: Dodged            |     9 |    11 |    49 ||    69

Levels and vault maps discovered:
D:1:      wander_arrival_fairy_ring, layout_loops_cross, serial_rivers,
          chequers_serial_rivers_micro_b, chequers_serial_rivers_room_b,
          chequers_serial_rivers_micro_b, chequers_serial_rivers_marsh,
          chequers_serial_rivers_micro_e, nicolae_hexahallways,
          minmay_misc_feat_rows, nicolae_concentric_dashed_squares_wild,
          chequers_jeans
D:2:      layout_rooms, hellmonk_ecumenical_altar_blasted, basic_altar,
          minmay_crystal_room, hex_large, chequers_serial_rivers_micro_c,
          uniq_jessica, uniq_crazy_yiuf_cottage, uniq_sigmund
D:3:      layout_basic, fiery_altar_vehumet, uniq_terence, uniq_natasha
D:4:      layout_cave_pods, chequers_serial_rivers_micro_b, uniq_robin
D:5:      layout_basic, trog_three_pillars_becter, temple_pool_b,
          kennysheep_generic_room_8
D:6:      layout_loops_ring, mainiacjoe_overflow_small_starburst,
          nicolae_alphabet_shops, uniq_menkaure
D:7:      layout_cave_pools, worldfamousw_hep_ancestral_shrine

Notes
Turn   | Place    | Note
-------+----------+-------------------------------------------
     0 | D:1      | kae the Gargoyle Earth Elementalist began the quest for the
                  | Orb.
     0 | D:1      | Reached XP level 1. HP: 10/10 MP: 3/3
     0 | D:1      | magus.rc [v1.11.3]
    93 | D:1      | Reached skill level 4 in Earth Magic
   331 | D:1      | Reached XP level 2. HP: 15/15 MP: 3/5
   911 | D:2      | Noticed Sigmund
   941 | D:2      | Noticed Jessica
   979 | D:2      | Killed Jessica
   980 | D:2      | Reached skill level 5 in Earth Magic
   980 | D:2      | Reached XP level 3. HP: 19/19 MP: 2/6
   983 | D:2      | Learned a level 2 spell: Passwall
   987 | D:2      | Learned a level 3 spell: Stone Arrow
  1029 | D:2      | Found a faded altar of an unknown god.
  1049 | D:2      | Reached XP level 4. HP: 24/24 MP: 2/8
  1052 | D:2      | Reached skill level 1 in Conjurations
  1321 | D:2      | Killed Sigmund
  1322 | D:2      | Reached skill level 3 in Spellcasting
  1322 | D:2      | Reached skill level 2 in Conjurations
  1322 | D:2      | Reached skill level 6 in Earth Magic
  1322 | D:2      | Reached XP level 5. HP: 28/28 MP: 4/10
  1322 | D:2      | Reached XP level 6. HP: 32/32 MP: 4/11
  1575 | D:2      | Found a sacrificial altar of Ru.
  1823 | D:2      | Found a runed translucent door.
  1824 | D:2      | Noticed Crazy Yiuf
  1852 | D:3      | Learned a level 4 spell: Petrify
  2000 | D:3      | Noticed Natasha
  2002 | D:3      | Killed Natasha
  2109 | D:3      | Noticed Natasha
  2113 | D:3      | Killed Natasha
  2114 | D:3      | Reached skill level 3 in Conjurations
  2146 | D:3      | You pick up a book of Lightning and begin reading...
  2146 | D:3      | You add the spells Static Discharge, Vhi's Electric Charge,
                  | Lightning Bolt and Arcjolt to your library.
  2243 | D:3      | Reached skill level 4 in Spellcasting
  2346 | D:3      | Noticed Terence
  2348 | D:3      | Noticed Natasha
  2369 | D:3      | Killed Terence
  2420 | D:3      | You pick up a book of Hexes and begin reading...
  2420 | D:3      | You add the spells Inner Flame, Cause Fear and Discord to
                  | your library.
  2464 | D:3      | Killed Natasha
  2499 | D:3      | Found a radiant altar of Vehumet.
  2507 | D:3      | HP: 4/32 [something (28)]
  2628 | D:3      | Became a worshipper of Vehumet
  2841 | D:4      | Reached XP level 7. HP: 36/36 MP: 8/13
  3120 | D:4      | Noticed Robin
  3135 | D:4      | Killed Robin
  3334 | D:4      | You add the spells Kindle Blastsparks, Ignite Poison and
                  | Freezing Cloud to your library.
  3384 | D:4      | Reached * piety under Vehumet
  3384 | D:4      | Offered knowledge of Foxfire by Vehumet.
  3647 | D:4      | Reached skill level 4 in Conjurations
  3781 | D:4      | Reached skill level 7 in Earth Magic
  3970 | D:5      | Entered Level 5 of the Dungeon
  4226 | D:5      | Reached skill level 5 in Spellcasting
  4229 | D:5      | Reached XP level 8. HP: 41/41 MP: 8/15
  4284 | D:5      | You pick up a book of the Moon and begin reading...
  4284 | D:5      | You add the spells Passage of Golubria, Silence and
                  | Lehudib's Crystal Spear to your library.
  4295 | D:5      | Found a staircase to the Ecumenical Temple.
  4314 | D:5      | Found a bloodstained altar of Trog.
  4535 | D:5      | Reached skill level 5 in Conjurations
  4767 | D:5      | You pick up a book of Callings and begin reading...
  4767 | D:5      | You add the spells Summon Small Mammal, Call Canine
                  | Familiar and Summon Guardian Golem to your library.
  4778 | D:5      | You pick up a book of Decay and begin reading...
  4778 | D:5      | You add the spells Dispel Undead and Death Channel to your
                  | library.
  5057 | D:6      | Reached skill level 8 in Earth Magic
  5210 | D:6      | You add the spells Borgnjor's Revivification, Necromutation
                  | and Death's Door to your library.
  5295 | D:6      | Found Slog's Superlative Supplies.
  5296 | D:6      | Noticed Menkaure
  5302 | D:6      | Killed Menkaure
  5303 | D:6      | Reached skill level 6 in Conjurations
  5308 | D:6      | Reached skill level 6 in Spellcasting
  5459 | D:6      | Offered knowledge of Freeze by Vehumet.
  5463 | D:6      | HP: 9/41 [something/magic dart (4)]
  5467 | D:6      | Reached XP level 9. HP: 11/45 MP: 0/18
  5480 | D:6      | Reached ** piety under Vehumet
  5805 | D:6      | Found a burning altar of Makhleb.
  5863 | D:6      | Reached skill level 9 in Earth Magic
  6161 | D:7      | Noticed a hornet
  6167 | D:7      | Killed a hornet
  6214 | D:7      | Reached skill level 7 in Conjurations
  6449 | D:6      | Reached skill level 7 in Spellcasting
  6504 | D:6      | HP: 5/45 [yak (10)]
  6693 | D:6      | Reached skill level 10 in Earth Magic
  6994 | D:7      | HP: 8/45 [steam dragon/ball of steam (4)]
  6995 | D:7      | HP: 2/45 [something] (6)]
  6996 | D:7      | Engulfed by a steam dragon's steam

Vanquished Creatures
  A hornet (D:7)
  Sigmund (D:2)
  6 yaks
  Menkaure (D:6)
  An orc warrior (D:6)
  2 sky beasts (D:6)
  3 bullfrogs
  A necrophage (D:5)
  5 scorpions
  5 hounds
  4 orc priests
  2 jellies
  5 iguanas
  Terence (D:3)
  Jessica (D:2)
  Natasha (thrice) (D:3)
  3 orc wizards
  Robin (D:4)
  3 gnolls (D:2)
  9 adders
  A white imp (D:7)
  2 ufetubi
  3 worms
  2 dart slugs
  20 orcs
  7 endoplasms
  2 giant cockroaches
  16 goblins
  4 hobgoblins
  10 kobolds
  A quokka (D:4)
  6 ball pythons
  4 bats
  2 frilled lizards
  6 rats
144 creatures vanquished.

Vanquished Creatures (others)
  A goblin (D:3)
1 creature vanquished.

Grand Total: 145 creatures vanquished

Table legend:
 A = Non-vault XP
 B = Vault XP
 C = Vault XP percentage of total XP
 D = Non-vault monster count
 E = Vault monster count
 F = Vault count percentage of total count
                 A         B        C        D         E       F
            +---------+---------+-------+---------+---------+-------
      Total |    3781 |     553 |  12.8 |     127 |      17 |  11.8
            +---------+---------+-------+---------+---------+-------
        D:1 |      28 |       0 |   0.0 |      17 |       0 |   0.0
        D:2 |      81 |     268 |  76.8 |      19 |       2 |   9.5
        D:3 |     129 |      73 |  36.1 |      18 |       2 |  10.0
        D:4 |     314 |      37 |  10.5 |      17 |      12 |  41.4
        D:5 |     611 |       0 |   0.0 |      18 |       0 |   0.0
        D:6 |    1900 |     175 |   8.4 |      31 |       1 |   3.1
        D:7 |     718 |       0 |   0.0 |       7 |       0 |   0.0
            +---------+---------+-------+---------+---------+-------

Illustrated notes

Table legend:
 A = Kills in this place as a percentage of kills in entire the game.
 B = Kills by you in this place as a percentage of kills by you in the entire game.
 C = Kills by friends in this place as a percentage of kills by friends in the entire game.
 D = Other kills in this place as a percentage of other kills in the entire game.
 E = Experience gained in this place as a percentage of experience gained in the entire game.
 F = Experience gained in this place divided by the number of levels of this place that you have seen.
                   A       B       C       D       E      F
               +-------+-------+-------+-------+-------+----------------------
         Total | 100.0 | 100.0 |   N/A |   N/A | 100.0 | 619.1
       Dungeon | 100.0 | 100.0 |   N/A |   N/A | 100.0 | 619.1
               +-------+-------+-------+-------+-------+----------------------

Table legend: (Time is in decaauts)
 A = Elapsed time spent in this place.
 B = Non-inter-level travel time spent in this place.
 C = Inter-level travel time spent in this place.
 D = Time resting spent in this place.
 E = Time spent auto-exploring this place.
 F = Levels seen in this place.
 G = Mean time per level.
                   A        B        C        D        E       F      G
               +--------+--------+--------+--------+--------+-----+--------+
         Total |   7112 |   6794 |    318 |    778 |   5138 |   7 | 1016.0 |
       Dungeon |   7112 |   6794 |    318 |    778 |   5138 |   7 | 1016.0 |
               +--------+--------+--------+--------+--------+-----+--------+

Top non-repeatable levels by time:
     D:6: 1814 daAuts
     D:4: 1208 daAuts
     D:5: 1005 daAuts
     D:1: 982 daAuts
     D:3: 963 daAuts
     D:2: 900 daAuts
     D:7: 237 daAuts
